 Dungeon Crawl Stone Soup version 0.21.1-1-g345015f (webtiles) character file.

207 yevrey the Gusty (level 5, 0/30 HPs)
             Began as a Tengu Air Elementalist on Mar 21, 2018.
             Slain by an orc wizard
             ... wielding a +4 dagger
              (5 damage)
             ... on level 4 of the Dungeon.
             The game lasted 00:07:43 (3391 turns).

yevrey the Gusty (Tengu Air Elementalist)           Turns: 3391, Time: 00:07:43

Health: 0/30       AC:  3    Str:  9    XL:     5   Next: 85%
Magic:  2/10       EV: 13    Int: 15    God:
Gold:   246        SH:  0    Dex: 15    Spells: 4/10 levels left

rFire    . . .     SeeInvis .   k - +0 short sword (venom)
rCold    . . .     Gourm    .   (no shield)
rNeg     . . .     Faith    .   a - +0 robe
rPois    .         Spirit   .   (helmet restricted)
rElec    .         Reflect  .   e - +0 cloak
rCorr    .         Harm     .   (no gloves)
MR       .....                  (boots unavailable)
Stlth    ++........             (no amulet)
HPRegen  0.10/turn              (no ring)
MPRegen  0.12/turn              (no ring)

@: very slightly contaminated
A: beak, talons 3, able to fly 1
a: Fly


You were on level 4 of the Dungeon.
You were not hungry.

You visited 1 branch of the dungeon, and saw 5 of its levels.

You collected 246 gold pieces.

Inventory:

Hand Weapons
 k - a +0 short sword of venom (weapon)
Missiles
 x - 2 javelins of returning (quivered)
Armour
 a - a +0 robe (worn)
 e - a +0 cloak (worn)
Jewellery
 i - a cursed -2 ring of evasion {unknown}
 u - a +1 ring of evasion {unknown}
 w - an uncursed amulet of guardian spirit {unknown}
Scrolls
 d - 2 scrolls of magic mapping {unknown}
 h - a scroll of immolation {unknown}
 j - a scroll of enchant weapon {unknown}
 m - 2 scrolls of amnesia {unknown}
 n - 2 scrolls of remove curse {unknown}
 p - a scroll of identify {unknown}
 q - a scroll of fog {unknown}
 r - a scroll of teleportation {unknown}
 t - 4 scrolls of enchant armour {unknown}
 v - a scroll of blinking {unknown}
Potions
 f - a potion of heal wounds
 g - a potion of lignification
 l - a potion of flight {unknown}
 o - a potion of curing {unknown}
 s - a potion of brilliance {unknown}
Books
 b - a book of Air

   Spells                             Type                      Level
   a - Shock                          Conjuration/Air              1
   b - Swiftness                      Charms/Air                   2
   c - Static Discharge               Conjuration/Air              3
   d - Airstrike                      Air                          4
   e - Lightning Bolt                 Conjuration/Air              5
Comestibles
 c - 9 rations


   Skills:
 * Level 2.3 Fighting
 + Level 2.1 Short Blades
 - Level 2.1 Dodging
 - Level 2.0 Stealth
 + Level 3.1 Spellcasting
 + Level 2.5 Conjurations
 + Level 5.5 Air Magic


You had 4 spell levels left.
You knew the following spells:

 Your Spells              Type           Power        Failure   Level  Hunger
a - Shock                 Conj/Air       ##..         3%          1    #......
b - Swiftness             Chrm/Air       ##......     10%         2    ##.....
c - Static Discharge      Conj/Air       ##......     11%         3    ###....


Dungeon Overview and Level Annotations

Branches:
Dungeon (5/15)
 Temple: D:4-7

Altars:
Sif Muna
Wu Jian
Xom
Zin


Innate Abilities, Weirdness & Mutations

You have a beak for a mouth.
You have claws for feet.
You can fly.


Message History

You hit the orc wizard but do no damage.
The orc wizard is poisoned.
You claw the orc wizard, but do no damage.
You completely miss the orc wizard. You peck the orc wizard.
The orc wizard is moderately wounded.
The orc wizard gestures wildly while chanting.
The orc wizard blinks!
The orc hits you.
You closely miss the orc. Your kick misses the orc.
The orc hits you but does no damage.
You barely miss the orc. You claw the orc. You peck the orc, but do no damage.
The orc is severely wounded.
The orc wizard hits you with a dagger.
The orc wizard hits you but does no damage.
The orc misses you. The orc wizard hits you with a dagger.
* * * LOW HITPOINT WARNING * * *
You barely miss the orc. You claw the orc, but do no damage.
The orc is severely wounded.
The orc wizard falls through a shaft!
The shaft crumbles and collapses.
Something hits you.
You die...

###################
#.................#
#.................#
#......@ยง.........#
#########...###...##....#
##......##...#{.o........###
#.......'......####.####...#
#......(#......##.....## ..#
#.......#......#.......#...#
##....####.....#..)....#..<#
#############......_......#
#......#.)..)..#.......#..#


You could see an orc.

Vanquished Creatures
  A howler monkey (D:4)
  A bullfrog skeleton (D:4)
  Natasha (D:4)
  A worker ant (D:2)
  3 adders
  An ooze (D:1)
  An adder skeleton (D:4)
  A worm (D:4)
  2 dart slugs
  A leopard gecko (D:4)
  2 orcs (D:4)
  2 ball pythons
  9 bats
  3 giant cockroaches
  3 goblins
  4 hobgoblins
  6 kobolds
  2 quokkas
  3 frilled lizards
  7 rats
54 creatures vanquished.

Notes
Turn   | Place    | Note
-------+----------+-------------------------------------------
     0 | D:1      | yevrey the Tengu Air Elementalist began the quest for the Orb.
     0 | D:1      | Reached XP level 1. HP: 10/10 MP: 4/4
   211 | D:1      | Reached XP level 2. HP: 16/16 MP: 0/6
   215 | D:1      | Learned a level 2 spell: Swiftness
   348 | D:1      | Reached skill level 1 in Fighting
   566 | D:2      | Found a glowing silver altar of Zin.
   566 | D:2      | Found a shimmering altar of Xom.
   566 | D:2      | Noticed an angel
   869 | D:2      | Reached XP level 3. HP: 20/20 MP: 7/7
  1529 | D:2      | Reached skill level 5 in Air Magic
  1529 | D:2      | Reached XP level 4. HP: 13/25 MP: 8/8
  1730 | D:2      | Learned a level 3 spell: Static Discharge
  2184 | D:3      | Found an ornate altar of the Wu Jian Council.
  2914 | D:5      | Entered Level 5 of the Dungeon
  2945 | D:4      | Reached skill level 1 in Short Blades
  2945 | D:4      | Gained mutation: You can fly. [Tengu growth]
  2945 | D:4      | Reached XP level 5. HP: 30/30 MP: 10/10
  2980 | D:4      | Noticed Natasha
  2995 | D:4      | Killed Natasha
  3335 | D:4      | Found a deep blue altar of Sif Muna.
  3391 | D:4      | Slain by an orc wizard

Skill      XL: |  1  2  3  4  5 |
---------------+----------------+-----
Fighting       | 1 2 |  2.3
Conjurations   | 2 |  2.5
Air Magic      | 5 |  5.5
Short Blades   | 1 2 |  2.1
Spellcasting   | 3 |  3.1
Dodging        | |  2.1
Stealth        | |  2.0

Action                   |  1- 3 |  4- 6 || total
-------------------------+-------+-------++-------
Melee: Short sword       |    38 |    70 ||   108
       Kick              |     5 |    17 ||    22
       Peck              |     3 |     9 ||    12
 Cast: Shock             |    25 |     1 ||    26
       Static Discharge  |       |     1 ||     1
  Use: Potion            |       |     2 ||     2
 Stab: Sleeping          |     1 |     3 ||     4
  Eat: Chunk             |     2 |     6 ||     8
Armor: Robe              |     8 |    18 ||    26
Dodge: Dodged            |    32 |    47 ||    79
